 Dungeon Sprint DCSS version 0.19.1 (webtiles) character file.

2550 equalderp2856 the Imperceptible (level 9, -5/42 HPs)
             Began as a Felid Fighter on Dec 13, 2016.
             Was a Priest of Nemelex Xobeh.
             Slain by a demonic crawler (11 damage)
             ... in the Dungeon (Sprint IV: "Fedhas' Mad Dash").
             The game lasted 00:22:33 (3650 turns).

equalderp2856 the Imperceptible (Felid Fighter)     Turns: 3650, Time: 00:22:34

Health: -5/42      AC:  2    Str: 13    XL:     9   Next: 30%
Magic:  3/19       EV: 26    Int: 11    God:    Nemelex Xobeh [***...]
Gold:   262        SH:  0    Dex: 17    Spells: 6 memorised, 4 levels left
                                        Lives:  0   Deaths: 3

rFire  . . .     SeeInvis +       - Unarmed
rCold  . . .     Gourm    .     (armour unavailable)
rNeg   . . .     Faith    .     (shield unavailable)
rPois  .         Spirit   .     (helmet unavailable)
rElec  .         Reflect  .     (cloak unavailable)
rCorr  .         Harm     .     (gloves unavailable)
MR     +....     NoTele   +     (boots unavailable)
Stlth  +++++++++.               i - amulet of invisibility {+Inv}
                                (no ring)
                                (no ring)

@: quick
A: no armour, no weapons or thrown items, stealth, claws 1, fangs 3, see
invisible, carnivore 3, speed 1, screaming 1, shaggy fur 2, slow metabolism 1,
MP-powered wands, sharp paws
a: Triple Draw, Renounce Religion, Evoke Invisibility


You were in the Dungeon.
You worshipped Nemelex Xobeh.
Nemelex Xobeh was most pleased with you.
You were not hungry.

You visited 1 branch You collected 262 gold pieces.

Inventory:

Jewellery
 i - the amulet of invisibility (around neck) {+Inv}
   (You found it in the Dungeon)

   [amulet of nothing]

   It lets you turn invisible.
Scrolls
 o - a scroll of magic mapping {unknown}
Potions
 a - a potion of might
 c - a potion of curing
 d - a potion of heal wounds
 e - a potion of haste
 f - 2 potions of magic
 g - a potion of berserk rage
Books
 j - a book of Air

   Spells                             Type                      Level
   a - Shock                          Conjuration/Air              1
   b - Swiftness                      Charms/Air                   2
   c - Repel Missiles                 Charms/Air                   2
   d - Static Discharge               Conjuration/Air              3
   e - Lightning Bolt                 Conjuration/Air              5
 p - a book of Cantrips

   Spells                             Type                      Level
   a - Confusing Touch                Hexes                        1
   b - Animate Skeleton               Necromancy                   1
   c - Summon Small Mammal            Summoning                    1
   d - Apportation                    Translocation                1
 r - Ehurihol's Grimoire of Torrid Translocation
   (You found it in the Dungeon)

   Spells                             Type                      Level
   a - Teleport Other                 Translocation                3
   b - Sticky Flame                   Conjuration/Fire             4
   c - Fireball                       Conjuration/Fire             5
   d - Bolt of Magma                  Conjuration/Fire/Earth       5
Miscellaneous
 h - a plain deck of escape
 k - a plain deck of destruction {drawn: 4}
 m - a plain deck of destruction {drawn: 1}
Comestibles
 b - 2 meat rations


   Skills:
 + Level 6.6 Fighting
 + Level 10.0 Dodging
 * Level 22.2 Stealth
 + Level 13.7 Unarmed Combat
 + Level 2.3 Spellcasting
 + Level 2.1 Summonings
 + Level 1.5 Necromancy
 + Level 3.0 Invocations
 + Level 12.2 Evocations


You had 4 spell levels left.
You knew the following spells:

 Your Spells              Type           Power        Failure   Level  Hunger
a - Shock                 Conj/Air       #...         30%         1    ##.....
b - Repel Missiles        Chrm/Air       #.....       43%         2    ###....
c - Swiftness             Chrm/Air       #.......     43%         2    ###....
d - Animate Skeleton      Necr           N/A          17%         1    ##.....
e - Confusing Touch       Hex            #.....       30%         1    ##.....
f - Summon Small Mammal   Summ           #...         14%         1    ##.....


Dungeon Overview and Level Annotations

Branches:
Dungeon (1/1)

Altars:
Cheibriados
Dithmenos
Elyvilon
Gozag
Hepliaklqana
Kikubaaqudgha
Makhleb
Nemelex Xobeh
Okawaru
Qazlal
Ru
Sif Muna
Trog
Uskayaw
Vehumet
Xom
Yredelemnul
Zin
The Shining One
Beogh
Jiyva
Lugonu

Shops:
D **:[[(:*


Innate Abilities, Weirdness & Mutations

You cannot wear armour.
You are incapable of wielding weapons or throwing items.
Your paws allow you to move quietly. (Stealth)
You have sharp claws.
You have razor-sharp teeth.
You have supernaturally acute eyesight. (SInv)
You are carnivorous and can eat meat at any time.
You cover ground quickly.
You are covered in thick fur. (AC +2)
You have a slow metabolism.
Your sharp claws are effective at attacking unaware monsters.
You occasionally shout uncontrollably at your foes.
You expend magic power (3 MP) to strengthen your wands.


Message History

You have drawn Vitriol.
Press: ? - help, Shift-Dir - straight line, f - wyvern
Aim: a wyvern (summoned)
The acid hits the wyvern.
The wyvern is splashed with acid.
The wyvern is heavily wounded.
The wyvern closely misses you.
You claw the wyvern! You bite the wyvern, but do no damage.
The wyvern is almost dead.
The wyvern closely misses you.
You completely miss the wyvern. Your bite misses the wyvern.
The wyvern is almost dead.
The wyvern bites you!
* * * LOW HITPOINT WARNING * * *
The wyvern completely misses you.
You scratch the wyvern.
You kill the wyvern!
The wyvern's corpse disappears in a puff of smoke!
The demonic crawler closely misses you. The demonic crawler hits you!
You die...
Your body disappears without a glow.

....#.....#.⌠._._._._.⌠.#..'...#.
)...'.#[(.'.._._._._._..'..#...#.
....#.#...#..._._._._)..#..###'##
########'##.._._._._._..#..##∩∩.'
......'...#.⌠._._._._.⌠.#########
♣.....#...###################....
..♣..######♣♣♣♣♣..♣.###.s.[))....
'######.)'......♣..♣##..#..#.....
.'.......#♣..♣♣♣@♣).###.##'##.P..
##.......#.♣♣.(♣.s.♣'s..#♣s♣#####
#########################(()..###
................# ###(y♣(.♣....
................#####y(l♣......♣.
P.....)..}....P.(((.(....♣.....∩.
P.............P...###############
####+##############


You could see a demonic crawler.

Vanquished Creatures
  A spriggan berserker (D)
  A spriggan druid (D)
  6 oklob plants (D)
  A demonic crawler (D)
  A queen bee (D)
  3 wandering mushrooms (D)
  A hornet (D)
  3 burning bushes (D)
  4 spriggans (D)
  A scorpion (D)
  4 killer bees (D)
  5 oklob saplings (D)
  A worker ant (D)
  A river rat (D)
  A rat (D)
  2 ballistomycetes (D)
36 creatures vanquished.

Vanquished Creatures (collateral kills)
  Agnes (D)
  A spriggan defender (D)
  A hornet (D)
  A scorpion (D)
  3 spriggans (D)
  A ballistomycete spore (D)
  A fungus (D)
9 creatures vanquished.

Vanquished Creatures (others)
  4 ballistomycete spores (D)
  A bush (D)
5 creatures vanquished.

Grand Total: 50 creatures vanquished

Notes
Turn   | Place    | Note
-------+----------+-------------------------------------------
     0 | D        | equalderp2856 the Felid Fighter began the quest for the Orb.
     0 | D        | Reached XP level 1. HP: 10/10 MP: 2/2
    19 | D        | Reached skill level 2 in Stealth
    19 | D        | Reached skill level 5 in Unarmed Combat
    19 | D        | Reached XP level 2. HP: 3/14 MP: 3/3
   299 | D        | Noticed an oklob sapling
   301 | D        | Killed an oklob sapling
   301 | D        | Reached skill level 5 in Dodging
   301 | D        | Reached skill level 3 in Stealth
   301 | D        | Reached XP level 3. HP: 18/18 MP: 4/4
   306 | D        | Reached skill level 4 in Stealth
   330 | D        | Found an opulent altar of Gozag.
   330 | D        | Found a hazy altar of Hepliaklqana.
   330 | D        | Found a burning altar of Makhleb.
   330 | D        | Found a roughly hewn altar of Beogh.
   330 | D        | Found a sparkling altar of Nemelex Xobeh.
   330 | D        | Found a snail-covered altar of Cheibriados.
   330 | D        | Found a sacrificial altar of Ru.
   330 | D        | Found a deep blue altar of Sif Muna.
   330 | D        | Found a shimmering altar of Xom.
   330 | D        | Found a basalt altar of Yredelemnul.
   338 | D        | Found a viscous altar of Jiyva.
   338 | D        | Found a bloodstained altar of Trog.
   338 | D        | Noticed an oklob sapling priest
   339 | D        | Found an iron altar of Okawaru.
   339 | D        | Found a shadowy altar of Dithmenos.
   339 | D        | Found a glowing silver altar of Zin.
   340 | D        | Found an ancient bone altar of Kikubaaqudgha.
   340 | D        | Found a hide-covered altar of Uskayaw.
   341 | D        | Found a stormy altar of Qazlal.
   341 | D        | Found a white marble altar of Elyvilon.
   341 | D        | Found a glowing golden altar of the Shining One.
   342 | D        | Found a corrupted altar of Lugonu.
   342 | D        | Found a radiant altar of Vehumet.
   345 | D        | Killed an oklob sapling priest
   345 | D        | Reached skill level 5 in Stealth
   345 | D        | Reached XP level 4. HP: 22/22 MP: 2/5
   629 | D        | Became a worshipper of Nemelex Xobeh the Trickster
   651 | D        | Received a gift from Nemelex Xobeh
   653 | D        | Reached skill level 6 in Stealth
   653 | D        | Reached skill level 1 in Evocations
   653 | D        | Reached XP level 5. HP: 25/25 MP: 3/6
   729 | D        | Slain by a scorpion
   730 | D        | Reached XP level 4. HP: -3/22 MP: 5/5
   733 | D        | Reached skill level 5 in Fighting
   806 | D        | Found Ytul's Assorted Antiques.
   806 | D        | Found Fetemoraczo's General Store.
   811 | D        | Noticed a burning bush
   811 | D        | Noticed a wandering mushroom
   812 | D        | Noticed a wandering mushroom
   814 | D        | Killed a wandering mushroom
   814 | D        | Reached skill level 9 in Stealth
   814 | D        | Reached skill level 10 in Unarmed Combat
   814 | D        | Reached XP level 5. HP: 27/27 MP: 4/9
   814 | D        | Gained mutation: You are covered in thick fur. (AC +2) [Felid growth]
   814 | D        | Reached XP level 6. HP: 31/31 MP: 4/10
   816 | D        | Killed a wandering mushroom
   816 | D        | Reached skill level 10 in Stealth
   816 | D        | Reached skill level 5 in Evocations
   816 | D        | Reached XP level 7. HP: 34/34 MP: 5/11
   819 | D        | Reached skill level 11 in Stealth
  1070 | D        | Killed a burning bush
  1070 | D        | Reached skill level 12 in Stealth
  1070 | D        | Reached skill level 1 in Invocations
  1209 | D        | Found Etohuopn's Antique Weapon Emporium.
  1209 | D        | Found Roptudac's Antique Armour Shoppe.
  1544 | D        | Received a gift from Nemelex Xobeh
  1549 | D        | Noticed a queen bee
  1550 | D        | Reached * piety under Nemelex Xobeh
  1556 | D        | Killed a queen bee
  1556 | D        | Reached XP level 8. HP: 39/39 MP: 11/13
  1558 | D        | Reached skill level 13 in Stealth
  1648 | D        | Noticed an oklob plant
  1651 | D        | Killed an oklob plant
  1651 | D        | Reached skill level 14 in Stealth
  1773 | D        | Noticed a burning bush
  1784 | D        | Killed a burning bush
  1784 | D        | Reached skill level 15 in Stealth
  2018 | D        | Noticed a burning bush
  2018 | D        | Noticed an oklob plant
  2019 | D        | Noticed a wandering mushroom
  2020 | D        | Killed a burning bush
  2020 | D        | Reached skill level 16 in Stealth
  2020 | D        | Reached XP level 9. HP: 42/42 MP: 13/16
  2025 | D        | Killed an oklob plant
  2028 | D        | Killed a wandering mushroom
  2028 | D        | Reached skill level 17 in Stealth
  2045 | D        | Learned a level 1 spell: Shock
  2048 | D        | Learned a level 2 spell: Repel Missiles
  2051 | D        | Learned a level 2 spell: Swiftness
  2080 | D        | Received a gift from Nemelex Xobeh
  2081 | D        | Noticed a spriggan druid
  2082 | D        | Killed a spriggan druid
  2082 | D        | Reached skill level 18 in Stealth
  2161 | D        | Gained mutation: You occasionally shout uncontrollably at your foes. [mutagenic glow]
  2372 | D        | Noticed an oklob plant conjurer
  2374 | D        | Killed an oklob plant conjurer
  2374 | D        | Reached skill level 10 in Evocations
  2389 | D        | Noticed an oklob plant
  2389 | D        | Noticed an oklob plant summoner
  2390 | D        | Reached ** piety under Nemelex Xobeh
  2390 | D        | Noticed an oklob plant shifter
  2394 | D        | Killed an oklob plant
  2394 | D        | Reached skill level 19 in Stealth
  2394 | D        | Reached XP level 10. HP: 46/46 MP: 18/18
  2396 | D        | Killed an oklob plant summoner
  2399 | D        | Killed an oklob plant shifter
  2451 | D        | Learned a level 1 spell: Animate Skeleton
  2453 | D        | Learned a level 1 spell: Confusing Touch
  2455 | D        | Learned a level 1 spell: Summon Small Mammal
  2480 | D        | Gained mutation: You expend magic power (3 MP) to strengthen your wands. [mutagenic glow]
  2660 | D        | Received a gift from Nemelex Xobeh
  2662 | D        | Reached skill level 20 in Stealth
  2666 | D        | Noticed a spriggan rider
  2667 | D        | Found Joguni's Book Emporium.
  2672 | D        | Found Naka Fosm's General Store.
  2675 | D        | Killed a spriggan rider
  2675 | D        | Reached skill level 21 in Stealth
  2680 | D        | Received a gift from Nemelex Xobeh
  2826 | D        | Noticed Agnes
  2828 | D        | Found Caar Emp's Book Emporium.
  2828 | D        | Noticed a spriggan berserker
  2830 | D        | Found Suibrid's Armour Shoppe.
  2877 | D        | Demolished by Agnes
  2877 | D        | Killed Agnes
  2877 | D        | Reached skill level 1 in Spellcasting
  2877 | D        | Reached skill level 1 in Summonings
  2878 | D        | Reached XP level 9. HP: -17/42 MP: 18/18
  3088 | D        | Killed a spriggan berserker
  3088 | D        | Reached skill level 1 in Necromancy
  3095 | D        | Reached *** piety under Nemelex Xobeh
  3095 | D        | Received a gift from Nemelex Xobeh
  3095 | D        | Noticed a spriggan defender
  3113 | D        | Killed a spriggan defender
  3113 | D        | Reached skill level 22 in Stealth
  3113 | D        | Reached XP level 10. HP: 16/46 MP: 20/20
  3128 | D        | Identified Ehurihol's Grimoire of Torrid Translocation
  3344 | D        | Noticed a spriggan rider
  3351 | D        | HP: 1/46 [spriggan rider/arrow (16)]
  3353 | D        | Shot with an arrow by a spriggan rider
  3354 | D        | Reached XP level 9. HP: -11/42 MP: 19/19
  3421 | D        | Noticed an orange demon
  3587 | D        | Received a gift from Nemelex Xobeh
  3590 | D        | Reached skill level 10 in Dodging
  3603 | D        | Noticed a demonic crawler
  3603 | D        | Noticed a ghost moth
  3650 | D        | Slain by a demonic crawler

Skill      XL: |  1  2  3  4  5  6  7  8  9 10 |
---------------+-------------------------------+-----
Stealth        | 2 3 5 9 10 12 16 22 21 | 22.2
Unarmed Combat | 5 6 7 10 11 12 13 | 13.7
Dodging        | 5 6 7 8 9 10 | 10.0
Fighting       | 4 5 6 |  6.6
Evocations     | 4 5 6 8 12 11 | 12.2
Invocations    | 1 3 2 |  3.0
Spellcasting   | 2 1 |  2.3
Summonings     | 2 1 |  2.1
Necromancy     | 1 |  1.5

Action                   |  1- 3 |  4- 6 |  7- 9 | 10-12 || total
-------------------------+-------+-------+-------+-------++-------
Melee: Unarmed           |    10 |     5 |    54 |     7 ||    76
       Bite              |     2 |       |     8 |     1 ||    11
       Punch             |       |       |     4 |       ||     4
 Cast: Summon Small Mamm |       |       |     7 |     4 ||    11
       Animate Skeleton  |       |       |       |     1 ||     1
 Abil: Evoke Invisibilit |     1 |     3 |    10 |     2 ||    16
Evoke: Deck              |       |     2 |    18 |     6 ||    26
  Use: Scroll            |       |       |       |     1 ||     1
 Stab: Sleeping          |     3 |     3 |    15 |     6 ||    27
       Invisible         |       |       |     2 |       ||     2
  Eat: Chunk             |     1 |       |       |     2 ||     3
       Royal jelly       |       |       |     2 |     1 ||     3
Dodge: Dodged            |     2 |     7 |    32 |     6 ||    47
